General information
- name: BNet
- type: Ladder team game (AT/RT)
- host: Battle.net
- saver: FourthOfJuly
map: FullScaleAssault
- players: 8
- length: 29:16
- speed: Fast
- version: 1.26 W3XP
- replay type: Public
» download(158 KB)
Players
team 1 (loser)
TheDirtyWalrus (
yellow | 61 APM | 1751 actions | 28:49)
5 Demon Hunter
3 Evasion
2 Immolation
5 Priestess of the Moon
3 Trueshot Aura
2 Searing Arrows
» actions
| Assign group hotkey | 52 | |
| Basic commands | 245 | |
| Build / train | 71 | |
| Enter build submenu | 19 | |
| Enter hero's abilities submenu | 10 | |
| Remove unit from queue | 4 | |
| Right click | 446 | |
| Select / deselect | 432 | |
| Select group hotkey | 434 | |
| Use ability | 38 | |
1751 total
» units
| Wisp | 17 | |
| Dryad | 18 | |
| Druid of the Claw | 7 | |
42 total
» upgrades
| Abolish Magic | 1 | |
| Druid of the Claw Training | 2 | |
| Strength of the Wild | 3 | |
| Reinforced Hides | 1 | |
| Mark of the Claw | 1 | |
8 total
» buildings
| Moon Well | 8 | |
| Tree of Ages | 3 | |
| Altar of Elders | 1 | |
| Hunter's Hall | 1 | |
| Ancient of Lore | 5 | |
| Tree of Eternity | 1 | |
| Tree of Life | 1 | |
20 total
» build order
00:20 Moon Well
00:50 Moon Well
01:46 Tree of Ages
01:46 Tree of Ages
01:59 Altar of Elders
02:11 Moon Well
02:16 Moon Well
02:41 Hunter's Hall
02:56 Moon Well
04:14 Ancient of Lore
04:15 Ancient of Lore
04:23 Ancient of Lore
04:25 Ancient of Lore
05:12 Ancient of Lore
06:20 Tree of Eternity
07:30 Moon Well
07:45 Moon Well
10:52 Tree of Life
15:55 Moon Well
puttpunjabda (
blue | 43 APM | 768 actions | 17:40)
4 Archmage
2 Summon Water Elemental
2 Blizzard
3 Blood Mage
2 Flame Strike
1 Banish
» actions
| Assign group hotkey | 102 | |
| Basic commands | 2 | |
| Build / train | 61 | |
| Enter build submenu | 18 | |
| Enter hero's abilities submenu | 7 | |
| Give item / drop item | 1 | |
| Remove unit from queue | 1 | |
| Right click | 137 | |
| Select / deselect | 243 | |
| Select group hotkey | 141 | |
| Use ability | 55 | |
768 total
» units
| Peasant | 16 | |
| Footman | 5 | |
| Rifleman | 11 | |
| Siege Engine | 3 | |
35 total
» upgrades
| Gunpowder | 2 | |
| Armor | 2 | |
| Lumber Harvesting | 1 | |
| Long Rifles | 1 | |
| Barrage | 1 | |
7 total
» buildings
| Farm | 15 | |
| Altar of Kings | 1 | |
| Barracks | 2 | |
| Lumber Mill | 1 | |
| Arcane Vault | 2 | |
| Town Hall | 1 | |
| Scout Tower | 9 | |
| Blacksmith | 2 | |
| Keep | 1 | |
| Guard Tower | 4 | |
| Arcane Tower | 2 | |
| Castle | 1 | |
| Workshop | 2 | |
43 total
» build order
00:23 Farm
00:26 Farm
00:38 Altar of Kings
00:53 Barracks
01:11 Lumber Mill
01:53 Farm
02:31 Arcane Vault
04:27 Town Hall
04:30 Scout Tower
04:31 Scout Tower
04:33 Scout Tower
04:34 Scout Tower
04:35 Scout Tower
04:56 Farm
04:57 Farm
05:50 Blacksmith
05:52 Barracks
06:07 Keep
06:28 Guard Tower
06:32 Arcane Tower
06:51 Guard Tower
07:15 Guard Tower
07:31 Blacksmith
08:58 Scout Tower
08:58 Scout Tower
09:00 Scout Tower
09:00 Scout Tower
09:43 Arcane Tower
10:01 Guard Tower
10:05 Farm
10:07 Farm
10:37 Guard Tower
10:45 Farm
10:46 Farm
10:47 Farm
10:48 Farm
11:50 Castle
11:53 Workshop
11:54 Workshop
13:47 Arcane Vault
14:18 Farm
14:19 Farm
14:19 Farm
14:21 Farm
» items

»
chimeric (
red | 44 APM | 725 actions | 16:38)
4 Death Knight
1 Death Coil
1 Death Pact
2 Unholy Aura
1 Dark Ranger
1 Black Arrow
» actions
| Assign group hotkey | 10 | |
| Build / train | 51 | |
| Enter build submenu | 24 | |
| Enter hero's abilities submenu | 5 | |
| Give item / drop item | 1 | |
| Right click | 256 | |
| Select / deselect | 168 | |
| Select group hotkey | 175 | |
| Use ability | 35 | |
725 total
» units
| Acolyte | 19 | |
| Ghoul | 2 | |
| Crypt Fiend | 6 | |
| Goblin Shredder | 1 | |
| Gargoyle | 3 | |
31 total
» upgrades
» buildings
| Ziggurat | 11 | |
| Crypt | 3 | |
| Graveyard | 1 | |
| Altar of Darkness | 1 | |
| Nerubian Tower | 4 | |
| Tomb of Relics | 1 | |
| Spirit Tower | 4 | |
| Halls of the Dead | 1 | |
| Necropolis | 1 | |
| Black Citadel | 1 | |
| Sacrificial Pit | 1 | |
29 total
» build order
00:22 Ziggurat
00:27 Crypt
01:00 Graveyard
01:05 Altar of Darkness
01:15 Nerubian Tower
01:50 Crypt
02:34 Ziggurat
02:42 Tomb of Relics
02:50 Ziggurat
04:39 Nerubian Tower
04:41 Spirit Tower
05:10 Ziggurat
07:01 Halls of the Dead
07:52 Spirit Tower
11:24 Necropolis
12:09 Ziggurat
12:13 Ziggurat
12:15 Ziggurat
12:25 Ziggurat
12:45 Ziggurat
12:52 Ziggurat
13:08 Spirit Tower
13:12 Nerubian Tower
13:36 Spirit Tower
13:47 Nerubian Tower
15:16 Black Citadel
15:17 Sacrificial Pit
15:27 Ziggurat
15:47 Crypt
» items
noobfest (
pink | 36 APM | 1040 actions | 29:14)
7 Archmage
3 Summon Water Elemental
3 Brilliance Aura
1 Mass Teleport
1 Dark Ranger
1 Life Drain
2 Blood Mage
2 Siphon Mana
» actions
| Basic commands | 27 | |
| Build / train | 81 | |
| Enter build submenu | 22 | |
| Enter hero's abilities submenu | 10 | |
| Give item / drop item | 1 | |
| Right click | 522 | |
| Select / deselect | 307 | |
| Use ability | 70 | |
1040 total
» units
| Peasant | 13 | |
| Rifleman | 5 | |
| Priest | 3 | |
| Goblin Zeppelin | 1 | |
| Siege Engine | 5 | |
| Knight | 2 | |
| Sorceress | 1 | |
| Gargoyle | 10 | |
| Flying Machine | 9 | |
49 total
» upgrades
| Gunpowder | 3 | |
| Long Rifles | 1 | |
| Plating | 2 | |
| Priest Training | 2 | |
| Magic Sentry | 1 | |
| Barrage | 1 | |
| Swords | 1 | |
| Animal War Training | 1 | |
| Sorceress Training | 1 | |
| Flak Cannons | 1 | |
14 total
» buildings
| Farm | 10 | |
| Altar of Kings | 1 | |
| Blacksmith | 1 | |
| Barracks | 1 | |
| Lumber Mill | 1 | |
| Scout Tower | 4 | |
| Keep | 1 | |
| Arcane Tower | 1 | |
| Castle | 1 | |
| Arcane Sanctum | 1 | |
| Workshop | 1 | |
| Guard Tower | 3 | |
26 total
» build order
00:16 Farm
00:20 Farm
00:25 Altar of Kings
00:58 Blacksmith
01:14 Barracks
01:24 Farm
02:06 Lumber Mill
02:10 Farm
02:20 Scout Tower
02:56 Farm
03:41 Farm
04:34 Keep
04:38 Arcane Tower
05:57 Scout Tower
07:12 Castle
07:17 Arcane Sanctum
07:21 Workshop
07:24 Guard Tower
08:30 Farm
09:23 Farm
09:49 Farm
09:52 Scout Tower
11:12 Guard Tower
14:46 Scout Tower
15:29 Guard Tower
16:10 Farm
» items
team 2 (winner)
imwastedagain (
green | 14 APM | 406 actions | 29:14)
4 Death Knight
2 Death Coil
2 Unholy Aura
3 Lich
2 Frost Armor
1 Frost Nova
» actions
| Basic commands | 69 | |
| Build / train | 57 | |
| Enter build submenu | 40 | |
| Enter hero's abilities submenu | 7 | |
| Give item / drop item | 2 | |
| Right click | 9 | |
| Select / deselect | 147 | |
| Use ability | 75 | |
406 total
» units
| Acolyte | 13 | |
| Ghoul | 8 | |
| Frost Wyrm | 5 | |
26 total
» upgrades
| Creature Attack | 3 | |
| Creature Carapace | 3 | |
| Freezing Breath | 1 | |
7 total
» buildings
| Graveyard | 2 | |
| Crypt | 1 | |
| Altar of Darkness | 1 | |
| Ziggurat | 22 | |
| Tomb of Relics | 1 | |
| Halls of the Dead | 1 | |
| Necropolis | 3 | |
| Black Citadel | 1 | |
| Sacrificial Pit | 1 | |
| Spirit Tower | 3 | |
| Boneyard | 4 | |
40 total
» build order
01:02 Graveyard
01:07 Crypt
01:12 Altar of Darkness
01:18 Ziggurat
01:27 Tomb of Relics
01:35 Ziggurat
02:11 Ziggurat
02:44 Ziggurat
04:30 Halls of the Dead
06:26 Necropolis
06:52 Black Citadel
07:18 Ziggurat
07:21 Ziggurat
07:24 Ziggurat
07:27 Ziggurat
08:05 Sacrificial Pit
08:30 Spirit Tower
09:23 Boneyard
09:28 Boneyard
09:34 Boneyard
09:44 Boneyard
14:32 Spirit Tower
24:15 Necropolis
26:37 Ziggurat
26:41 Ziggurat
26:44 Ziggurat
26:49 Ziggurat
27:14 Necropolis
27:38 Graveyard
28:25 Ziggurat
28:29 Ziggurat
28:32 Ziggurat
28:37 Ziggurat
28:40 Ziggurat
28:43 Ziggurat
28:47 Ziggurat
28:51 Ziggurat
28:55 Ziggurat
29:00 Ziggurat
29:06 Spirit Tower
» items
| Potion of Healing | 3 | |
| Orb of Corruption | 1 | |
| Scroll of Town Portal | 2 | |
| Potion of Mana | 1 | |
| Circlet of Nobility | 1 | |
| Periapt of Vitality | 1 | |
9 total
FourthOfJuly (
teal | 58 APM | 1712 actions | 29:16)
6 Blood Mage
3 Flame Strike
2 Siphon Mana
1 Summon Phoenix
» actions
| Assign group hotkey | 41 | |
| Basic commands | 8 | |
| Build / train | 113 | |
| Enter build submenu | 68 | |
| Enter hero's abilities submenu | 6 | |
| Give item / drop item | 6 | |
| Right click | 800 | |
| Select / deselect | 372 | |
| Select group hotkey | 88 | |
| Use ability | 210 | |
1712 total
» units
| Peasant | 22 | |
| Footman | 11 | |
| Goblin Shredder | 1 | |
| Goblin Zeppelin | 1 | |
| Sorceress | 3 | |
38 total
» upgrades
| Masonry | 3 | |
| Sorceress Training | 2 | |
| Magic Sentry | 1 | |
| Lumber Harvesting | 1 | |
| Gunpowder | 1 | |
| Armor | 1 | |
| Plating | 1 | |
| Swords | 1 | |
11 total
» buildings
| Altar of Kings | 1 | |
| Barracks | 1 | |
| Farm | 5 | |
| Scout Tower | 97 | |
| Arcane Tower | 1 | |
| Town Hall | 4 | |
| Arcane Vault | 1 | |
| Lumber Mill | 2 | |
| Keep | 1 | |
| Guard Tower | 19 | |
| Arcane Sanctum | 1 | |
| Castle | 1 | |
| Blacksmith | 2 | |
136 total
» build order
00:46 Altar of Kings
00:47 Barracks
00:55 Farm
01:05 Farm
01:06 Farm
01:43 Farm
03:09 Scout Tower
03:50 Arcane Tower
04:01 Town Hall
04:07 Scout Tower
04:10 Scout Tower
04:13 Scout Tower
04:20 Arcane Vault
05:31 Lumber Mill
05:51 Scout Tower
05:53 Scout Tower
05:54 Scout Tower
05:56 Scout Tower
05:57 Scout Tower
05:57 Scout Tower
05:57 Scout Tower
06:23 Keep
06:27 Guard Tower
06:45 Guard Tower
06:55 Farm
09:20 Guard Tower
09:22 Arcane Sanctum
10:00 Scout Tower
10:00 Scout Tower
10:01 Scout Tower
10:01 Scout Tower
10:06 Scout Tower
10:07 Scout Tower
10:07 Scout Tower
10:08 Scout Tower
10:08 Scout Tower
10:09 Scout Tower
10:09 Scout Tower
10:13 Scout Tower
10:13 Scout Tower
10:21 Lumber Mill
10:52 Guard Tower
10:55 Guard Tower
11:57 Guard Tower
12:38 Castle
15:32 Blacksmith
15:33 Blacksmith
15:43 Scout Tower
15:44 Scout Tower
15:44 Scout Tower
15:45 Scout Tower
15:45 Scout Tower
15:49 Town Hall
15:54 Scout Tower
15:54 Scout Tower
15:55 Scout Tower
15:56 Scout Tower
16:04 Scout Tower
16:05 Scout Tower
16:06 Scout Tower
16:06 Scout Tower
16:08 Scout Tower
16:12 Guard Tower
16:15 Guard Tower
16:47 Guard Tower
17:16 Guard Tower
20:37 Guard Tower
23:37 Scout Tower
23:38 Scout Tower
23:38 Scout Tower
23:38 Scout Tower
23:39 Scout Tower
23:40 Scout Tower
23:41 Scout Tower
23:41 Scout Tower
23:42 Scout Tower
23:43 Scout Tower
23:43 Scout Tower
23:43 Scout Tower
23:44 Scout Tower
23:44 Scout Tower
23:45 Scout Tower
23:45 Scout Tower
23:46 Scout Tower
23:46 Scout Tower
23:47 Scout Tower
23:47 Scout Tower
23:50 Scout Tower
23:50 Scout Tower
23:50 Scout Tower
23:51 Scout Tower
23:51 Scout Tower
23:52 Scout Tower
23:52 Scout Tower
24:34 Guard Tower
24:38 Guard Tower
25:24 Guard Tower
25:50 Town Hall
25:52 Scout Tower
25:53 Scout Tower
25:53 Scout Tower
25:54 Scout Tower
25:55 Scout Tower
25:55 Scout Tower
25:55 Scout Tower
25:56 Scout Tower
25:58 Scout Tower
25:59 Scout Tower
26:04 Guard Tower
26:27 Guard Tower
26:37 Guard Tower
27:18 Guard Tower
27:21 Guard Tower
27:31 Town Hall
27:37 Scout Tower
27:37 Scout Tower
27:37 Scout Tower
27:38 Scout Tower
27:39 Scout Tower
27:39 Scout Tower
27:40 Scout Tower
27:42 Scout Tower
27:43 Scout Tower
27:43 Scout Tower
27:43 Scout Tower
27:45 Scout Tower
27:46 Scout Tower
27:46 Scout Tower
27:47 Scout Tower
27:47 Scout Tower
» items
| Healing Salve | 2 | |
| Potion of Invisibility | 2 | |
| Potion of Lesser Invulnerability | 2 | |
| Boots of Speed | 1 | |
| Staff of Teleportation | 1 | |
| Scroll of Regeneration | 6 | |
| Scroll of Town Portal | 6 | |
| Potion of Mana | 4 | |
| Lesser Clarity Potion | 4 | |
| Potion of Healing | 5 | |
| Orb of Corruption | 1 | |
| Scroll of Healing | 1 | |
35 total
flash88 (
orange | 30 APM | 881 actions | 29:14)
3 Blademaster
1 Wind Walk
1 Mirror Image
1 Critical Strike
2 Shadow Hunter
1 Healing Wave
1 Hex
» actions
| Basic commands | 13 | |
| Build / train | 65 | |
| Enter build submenu | 34 | |
| Enter hero's abilities submenu | 5 | |
| Right click | 452 | |
| Select / deselect | 256 | |
| Use ability | 56 | |
881 total
» units
| Peon | 24 | |
| Grunt | 3 | |
| Troll Witch Doctor | 4 | |
| Spirit Walker | 5 | |
| Tauren | 9 | |
45 total
» upgrades
| Spiked Barricades | 3 | |
| Witch Doctor Training | 2 | |
| Spirit Walker Training | 2 | |
| Pulverize | 1 | |
| Reinforced Defenses | 1 | |
9 total
» buildings
| Orc Burrow | 9 | |
| Altar of Storms | 3 | |
| Barracks | 1 | |
| War Mill | 2 | |
| Voodoo Lounge | 1 | |
| Stronghold | 1 | |
| Great Hall | 2 | |
| Spirit Lodge | 2 | |
| Fortress | 1 | |
| Tauren Totem | 1 | |
| Watch Tower | 5 | |
28 total
» build order
00:07 Orc Burrow
00:12 Altar of Storms
00:53 Barracks
01:57 Orc Burrow
02:29 War Mill
02:58 Voodoo Lounge
03:38 Stronghold
04:18 Orc Burrow
05:31 Orc Burrow
06:38 Great Hall
07:01 Spirit Lodge
07:07 Spirit Lodge
07:48 Fortress
08:19 Orc Burrow
09:41 Orc Burrow
10:31 Tauren Totem
10:54 Orc Burrow
13:39 Watch Tower
15:10 Watch Tower
16:22 Watch Tower
18:21 Watch Tower
20:47 Watch Tower
24:57 War Mill
25:19 Altar of Storms
25:26 Altar of Storms
26:48 Orc Burrow
27:06 Orc Burrow
27:59 Great Hall
» items
| Scroll of Town Portal | 1 | |
| Healing Salve | 1 | |
2 total
FUXSUHDUXS2 (
purple | 32 APM | 948 actions | 29:14)
10 Death Knight
3 Death Coil
3 Unholy Aura
1 Animate Dead
3 Death Pact
» actions
| Basic commands | 8 | |
| Build / train | 45 | |
| Enter build submenu | 26 | |
| Enter hero's abilities submenu | 10 | |
| Give item / drop item | 2 | |
| Remove unit from queue | 2 | |
| Right click | 596 | |
| Select / deselect | 206 | |
| Use ability | 53 | |
948 total
» units
| Acolyte | 7 | |
| Ghoul | 5 | |
| Frost Wyrm | 6 | |
18 total
» upgrades
| Creature Attack | 3 | |
| Freezing Breath | 1 | |
| Creature Carapace | 2 | |
6 total
» buildings
| Crypt | 2 | |
| Ziggurat | 8 | |
| Altar of Darkness | 1 | |
| Tomb of Relics | 1 | |
| Halls of the Dead | 1 | |
| Necropolis | 2 | |
| Graveyard | 2 | |
| Black Citadel | 1 | |
| Sacrificial Pit | 1 | |
| Boneyard | 5 | |
24 total
» build order
00:12 Crypt
00:21 Crypt
00:48 Ziggurat
01:05 Altar of Darkness
02:03 Ziggurat
02:08 Tomb of Relics
02:47 Ziggurat
03:24 Halls of the Dead
05:20 Necropolis
05:32 Graveyard
06:29 Black Citadel
06:32 Sacrificial Pit
07:15 Ziggurat
07:30 Ziggurat
07:34 Ziggurat
08:57 Boneyard
09:01 Boneyard
09:05 Boneyard
09:07 Boneyard
09:12 Boneyard
09:19 Ziggurat
09:22 Ziggurat
13:01 Graveyard
25:19 Necropolis
» items
| Scroll of Town Portal | 2 | |
| Orb of Corruption | 1 | |
| Scroll of Healing | 1 | |
| Potion of Healing | 1 | |
5 total
Chat log
(00:14 / All) FourthOfJuly: Greetings gentlemen.
(00:34 / Allies) FUXSUHDUXS2: hi
(00:37 / Allies) FUXSUHDUXS2: ladies
(11:48 / Allies) imwastedagain: lumber plz
(12:25 / Allies) imwastedagain: lumber plz
(12:36 / Allies) imwastedagain: ty
(16:34 / All) FourthOfJuly: lmao
(16:48 / Allies) flash88: what happend?
(16:53 / Allies) FourthOfJuly: like 20 frost wymrs
(18:55 / Allies) FourthOfJuly: heal
(19:35 / Allies) flash88: tp
(19:43 / Allies) flash88: omw green
(26:01 / Allies) flash88: fuck go purp
(26:21 / All) FourthOfJuly: how much gold do you guys got
(26:26 / Allies) flash88: alot
(26:28 / Allies) flash88: need?
(26:31 / Allies) FourthOfJuly: I mean them
(26:32 / Allies) FourthOfJuly: I got 9k
(26:44 / All) TheDirtyWalrus: enough to get head from your mom